 Dungeon Crawl Stone Soup version 0.26.1-11-gd32895ea62 (webtiles) character file.

Game seed: 12842813968098967561

121 KamiKatze the Chiller (level 5, -3/35 HPs)
             Began as a Merfolk Ice Elementalist on Apr 28, 2021.
             Slain by a bullfrog skeleton (4 damage)
             ... on level 3 of the Dungeon.
             The game lasted 00:13:48 (1917 turns).

KamiKatze the Chiller (Merfolk Ice Elementalist)    Turns: 1917, Time: 00:13:49

Health: -3/35      AC:  2    Str:  8    XL:     5   Next: 5%
Magic:  3/10       EV: 13    Int: 16    God:
Gold:   143        SH:  0    Dex: 14    Spells: 3/10 levels left

rFire    . . .     SeeInvis .   p - +0 spear
rCold    . . .     Faith    .   (no shield)
rNeg     . . .     Spirit   .   a - +0 robe
rPois    .         Reflect  .   (no helmet)
rElec    .         Harm     .   (no cloak)
rCorr    +         Rampage  .   (no gloves)
Will     .....                  (no boots)
Stlth    ++........             (no amulet)
HPRegen  0.11/turn              (no ring)
MPRegen  0.12/turn              n - ring of resist corrosion

@: no status effects
A: change form in water, swift swim, stealthy swim
a: no special abilities


You were on level 3 of the Dungeon.
You visited 1 branch of the dungeon, and saw 3 of its levels.

You collected 143 gold pieces.

Inventory:

Hand Weapons
 p - a +0 spear (weapon)
 w - a +0 dagger of venom
Missiles
 f - 100 stones
 g - 9 poisoned darts (quivered)
Armour
 a - a +0 robe (worn)
 u - a +0 leather armour
 v - a +0 ring mail
Jewellery
 n - a ring of resist corrosion (right hand)
Scrolls
 c - 2 scrolls of teleportation {unknown}
 i - a scroll of enchant armour {unknown}
 k - a scroll of remove curse
 r - a scroll of random uselessness {unknown}
 s - a scroll of fog {unknown}
 t - a scroll of identify
Potions
 d - a potion of attraction
 e - 2 potions of brilliance
 h - a potion of heal wounds
 l - a potion of flight
 m - 2 potions of magic
 o - a potion of invisibility
 q - a potion of haste {unknown}


   Skills:
 + Level 1.2 Polearms
 - Level 2.6 Dodging
 - Level 2.1 Stealth
 * Level 3.4 Spellcasting
 * Level 5.6 Ice Magic


You had 3 spell levels left.
You knew the following spells:

 Your Spells              Type           Power        Failure   Level
a - Freeze                Ice            80%          1%          1
b - Frozen Ramparts       Ice            40%          5%          3
c - Ozocubu's Armour      Ice            20%          5%          3

Your spell library contained the following spells:

 Spells                   Type           Power        Failure   Level
 Hailstorm                Conj/Ice       11%          50%         4
 Summon Ice Beast         Ice/Summ       11%          50%         4


Dungeon Overview and Level Annotations

Branches:
Dungeon (3/15)

Altars:


Message History

The wall freezes the bullfrog skeleton but does no damage.
The bullfrog skeleton closely misses you.
You hit the bullfrog skeleton.
The bullfrog skeleton is heavily damaged.
The frozen ramparts melt away.
The bullfrog skeleton hits you!
* * * LOW HITPOINT WARNING * * *
The bullfrog skeleton hits you.
* * * LOW HITPOINT WARNING * * *
You barely miss the bullfrog skeleton.
The bullfrog skeleton is heavily damaged.
The bullfrog skeleton hits you but does no damage.
Unknown command.
The bullfrog skeleton hits you!
* * * LOW HITPOINT WARNING * * *
The bullfrog skeleton hits you.
* * * LOW HITPOINT WARNING * * *
Your magical contamination has completely faded away.
There is a stone staircase leading up here.
The bullfrog skeleton hits you.
You die...

#.# #.# #Z#
#.# #.#
#.#########
#.........#
#########.#
#......@#.#
#.......Z.#
#######.#.#
#####


You could see a bullfrog skeleton.

Vanquished Creatures
  Terence (D:2)
  An orc wizard (D:3)
  An adder (D:2)
  2 oozes
  A worm (D:2)
  A dart slug (D:1)
  4 orcs (D:3)
  A ball python (D:1)
  2 giant cockroaches
  7 goblins
  7 hobgoblins
  A quokka (D:2)
  5 bats
  4 frilled lizards
  3 kobolds (D:1)
  5 rats
46 creatures vanquished.

Notes
Turn   | Place    | Note
-------+----------+-------------------------------------------
     0 | D:1      | KamiKatze the Merfolk Ice Elementalist began the quest for
                  | the Orb.
     0 | D:1      | Reached XP level 1. HP: 13/13 MP: 3/3
   182 | D:1      | Reached XP level 2. HP: 19/19 MP: 5/5
   618 | D:2      | Reached XP level 3. HP: 12/24 MP: 3/6
   621 | D:2      | Noticed Terence
   703 | D:2      | Learned a level 3 spell: Frozen Ramparts
   707 | D:2      | Learned a level 3 spell: Ozocubu's Armour
   764 | D:2      | Reached skill level 5 in Ice Magic
  1130 | D:2      | Killed Terence
  1131 | D:2      | Reached XP level 4. HP: 23/30 MP: 8/8
  1676 | D:3      | Reached skill level 1 in Polearms
  1677 | D:3      | Reached XP level 5. HP: 19/35 MP: 3/10
  1914 | D:3      | HP: 1/35 [bullfrog skeleton (1)]
  1917 | D:3      | Slain by a bullfrog skeleton

Illustrated notes

Levels and vault maps discovered:
D:1:      giann_forest_graveyard, layout_rooms
D:2:      layout_rooms, uniq_terence
D:3:      layout_basic, nicolae_overflow_hidden_temple,
          minmay_overflow_temple_star_quad, minivault_5, minmay_circle_x

Skill      XL: |  1  2  3  4 |
---------------+-------------+-----
Ice Magic      | 5 |  5.6
Spellcasting   | 3 |  3.4
Polearms       | 1 |  1.2
Dodging        | |  2.6
Stealth        | |  2.1

Action                   |  1- 3 |  4- 6 || total
-------------------------+-------+-------++-------
Melee: Mace              |    53 |     4 ||    57
       Spear             |       |    32 ||    32
Throw: Dart              |     6 |     5 ||    11
 Cast: Freeze            |    24 |     5 ||    29
       Frozen Ramparts   |       |     6 ||     6
  Use: Scroll            |       |     7 ||     7
 Stab: Sleeping          |     2 |       ||     2
Armor: Robe              |    15 |     9 ||    24
Dodge: Dodged            |    57 |    23 ||    80
